[Event "*** Titled Tuesday Blitz"]
[Site "Chess.com"]
[Date "2019.10.01"]
[Round "9"]
[White "Alex_32167"]
[Black "morphinho22"]
[Result "1-0"]
[WhiteElo "2623"]
[BlackElo "2353"]
[TimeControl "180+2"]
[EndTime "15:06:45 PDT"]
[Termination "Alex_32167 won by resignation"]

1. e4 c5 2. Nf3 d6 3. d4 cxd4 4. Nxd4 Nf6 5. Bd3 a6 6. c4 e6 7.
O-O Be7 8. b3 Nc6 9. Bb2 O-O 10.
Nd2 Nxd4 11. Bxd4 d5 12. cxd5 exd5 13. e5 Nd7 14. f4 Nc5 15. Bc2 g6 16. f5 Re8 17. e6 fxe6 18. fxg6 1-0

[Event "*** Titled Tuesday Blitz"]
[Site "Chess.com"]
[Date "2019.10.01"]
[Round "9"]
[White "chessS1r"]
[Black "Keaton87"]
[Result "0-1"]
[WhiteElo "2473"]
[BlackElo "2591"]
[TimeControl "180+2"]
[EndTime "15:06:52 PDT"]
[Termination "Keaton87 won by resignation"]

1. d4 Nf6 2. c4 g6 3. g3 Bg7 4.
Bg2 d5 5. cxd5 Nxd5 6. e4 Nb6 7. Ne2 O-O 8. O-O Nc6 9. d5 Na5 10. Nbc3 c6 11. b3 cxd5 12. exd5 Bg4 13. Bb2 Rc8 14.
f3 Bf5 15. Qd2 Nxd5 16. Qxd5 Qxd5 17. Nxd5 Bxb2 18. Nxe7+ Kg7 19. Nxf5+ gxf5 20. Rab1 Rc2 21. Rf2 Re8 22. Nf4 Bd4 23. Nh3 Ree2 0-1

[Event "*** Titled Tuesday Blitz"]
[Site "Chess.com"]
[Date "2019.10.01"]
[Round "9"]
[White "yuki_chess123"]
[Black "Grebeniuk-S"]
[Result "0-1"]
[WhiteElo "2199"]
[BlackElo "2494"]
[TimeControl "180+2"]
[EndTime "15:06:55 PDT"]
[Termination "Grebeniuk-S won by resignation"]

1. Nf3 f5 2. e4 fxe4 3. Ng5 Nf6 4. d3 e5 5. Nxe4 Nc6 6. Bg5 Be7 7. Bxf6 Bxf6 8. Nbc3 O-O 9. Be2 d5 10. Ng3 Nd4 11.
O-O c6 12. Re1 Nxe2+ 13. Qxe2 Qb6 14. Rab1 Bd7 15. Nd1 g6 16. Qe3 Qc7 17. c4 Bg7 18. cxd5 cxd5 19. Rc1 Qa5 20. Qc5 Qxe1+ 0-1

[Event "*** Titled Tuesday Blitz"]
[Site "Chess.com"]
[Date "2019.10.01"]
[Round "9"]
[White "TheFireChess"]
[Black "VincentKeymer"]
[Result "1-0"]
[WhiteElo "2520"]
[BlackElo "2597"]
[TimeControl "180+2"]
[EndTime "15:07:03 PDT"]
[Termination "TheFireChess won by checkmate"]

1. e4 c5 2. c3 Nf6 3. e5 Nd5 4. Nf3 d6 5. Bc4 Nb6 6. Bb3 Nc6 7. exd6 Qxd6 8. O-O Be6 9. Re1 Bxb3 10. axb3 e6 11. Na3 Be7 12. Qc2 O-O 13. d3 Rad8 14. Rd1 a6 15. Be3 Nd5 16. Nc4 Qc7 17. Bg5 Bxg5 18. Nxg5 b5 19. Nd2 a5 20. d4 cxd4 21. Qxh7# 1-0

[Event "*** Titled Tuesday Blitz"]
[Site "Chess.com"]
[Date "2019.10.01"]
[Round "9"]
[White "Svet99"]
[Black "WeAintSurePal"]
[Result "0-1"]
[WhiteElo "2172"]
[BlackElo "2345"]
[TimeControl "180+2"]
[EndTime "15:07:04 PDT"]
[Termination "WeAintSurePal won by resignation"]

1. c4 c6 2. Nc3 e5 3. g3 Nf6 4. Bg2 Bb4 5. d4 exd4 6. Qxd4 d6 7. a3 Bc5 8. Qh4 a5 9. Bg5 Nbd7 10. Nh3 h6 11. Bxf6 Qxf6 12. Qxf6 Nxf6 13. Rd1 g5 14. O-O Be6 15. Kh1 Bxc4 16. Ne4 Nxe4 17. Bxe4 O-O-O 18. Ng1 Kc7 19. Rc1 Be6 20. Rfd1 Bxf2 21. b4 axb4 22. axb4 Kb6 23. Rf1 Be3 24. Rc3 Bd4 25.
Rd3 Bxg1 26. Rxg1 f5 27. Bg2 Bc4 28. Rd4 d5 29. e3 Rde8 30. e4 fxe4 31. Re1 Bd3 0-1

[Event "*** Titled Tuesday Blitz"]
[Site "Chess.com"]
[Date "2019.10.01"]
[Round "9"]
[White "GHANDEEVAM2003"]
[Black "Keranke"]
[Result "0-1"]
[WhiteElo "2967"]
[BlackElo "2821"]
[TimeControl "180+2"]
[EndTime "15:07:09 PDT"]
[Termination "Keranke won by resignation"]

1. b3 e5 2. Bb2 Nc6 3. e3 Nf6 4.
Nf3 e4 5. Nd4 Nxd4 6. Bxd4 d5 7.
c4 dxc4 8. Bxc4 Bd6 9. Nc3 Bf5 10. f3 O-O 11. g4 Nxg4 12. fxg4 Qh4+ 13. Kf1 Bxg4 14. Ne2 Bh3+ 15. Kg1 Qg5+ 0-1

[Event "*** Titled Tuesday Blitz"]
[Site "Chess.com"]
[Date "2019.10.01"]
[Round "9"]
[White "Supernotar"]
[Black "ahkashefi2800"]
[Result "0-1"]
[WhiteElo "2685"]
[BlackElo "2213"]
[TimeControl "180+2"]
[EndTime "15:07:54 PDT"]
[Termination "ahkashefi2800 won by checkmate"]

1. d4 d5 2. c4 c6 3. e3 Nf6 4. Bd3 a6 5. Nf3 Bg4 6. Nbd2 e6 7. Qc2 Nbd7 8. b3 Bd6 9. Bb2 O-O 10. Ne5 Bh5 11. f4 Bg6 12. Nxg6 hxg6 13. Nf3 Ng4 14. Qe2 Bb4+ 15. Nd2 Qa5 16. a3 Bxd2+ 17. Qxd2 Qxd2+ 18. Kxd2 Rad8 19. Rhf1 Nxh2 20. Rh1 Ng4 21. Rh4 f5 22. a4 Kf7 23. Rah1 Nf2 24. R1h2 Nxd3 25. Kxd3 Nf6 26. Ba3 Rfe8 27. Ke2 Ng4 28. Rh1 Nf6 29. Kf3 Ne4 30. g4 fxg4+ 31. Rxg4 Rh8 32. Rgh4 Rxh4 33. Rxh4 g5 34. fxg5 Nxg5+ 35. Kf4 Ne4 36. Ke5 Nf6 37.
Bb4 dxc4 38. bxc4 b5 39. axb5 axb5 40. Rh1 bxc4 41. Rc1 g5 42. Rxc4 Rd5# 0-1

[Event "*** Titled Tuesday Blitz"]
[Site "Chess.com"]
[Date "2019.10.01"]
[Round "9"]
[White "HouseOfDurin"]
[Black "Perecke"]
[Result "1-0"]
[WhiteElo "2092"]
[BlackElo "2079"]
[TimeControl "180+2"]
[EndTime "15:08:02 PDT"]
[Termination "HouseOfDurin won by resignation"]

1. d4 d5 2. Bg5 f6 3. Bh4 Nh6 4. f3 Nf5 5. Bf2 e5 6. dxe5 fxe5 7. e4 dxe4 8. Qxd8+ Kxd8 9. fxe4 Nd6 10. Nc3 Nc6 11. O-O-O Be6 12. Nf3 Be7 13. Bb5 Bf6 14. Bxc6 bxc6 15.
Bg3 Bg4 16. Rd3 Bxf3 17. gxf3 Ke7 18. f4 exf4 19. Bxf4 Ke6 20. e5 Bxe5 21. Re1 Nf7 22. Bxe5 Nxe5 23. Rde3 1-0

[Event "*** Titled Tuesday Blitz"]
[Site "Chess.com"]
[Date "2019.10.01"]
[Round "9"]
[White "Marreuh"]
[Black "WorldChampionBulletChess"]
[Result "1-0"]
[WhiteElo "2104"]
[BlackElo "2045"]
[TimeControl "180+2"]
[EndTime "15:08:22 PDT"]
[Termination "Marreuh won by resignation"]

1. e4 c5 2. c3 e6 3. d4 cxd4 4. cxd4 d6 5. Nc3 Nc6 6. Nf3 Nf6 7. Bd3 Be7 8. O-O h6 9. Qe2 O-O 10. Rd1 a6 11. a4 Qc7 12. e5 dxe5 13. dxe5 Nd7 14. Qe4 g6 15. Bxh6 Rd8 16. Bf4 Nc5 17. Qe3 Nxd3 18. Rxd3 Rxd3 19. Qxd3 Bd7 20. Qe3 f6 21.
exf6 Bxf6 22. Bxc7 1-0

[Event "*** Titled Tuesday Blitz"]
[Site "Chess.com"]
[Date "2019.10.01"]
[Round "9"]
[White "francyIM"]
[Black "Mikhail_Golubev"]
[Result "1-0"]
[WhiteElo "2667"]
[BlackElo "2513"]
[TimeControl "180+2"]
[EndTime "15:08:36 PDT"]
[Termination "francyIM won by resignation"]

1. d4 Nf6 2. c4 g6 3. Nf3 Bg7 4. g3 O-O 5. Bg2 d6 6. O-O Nbd7 7. Nc3 e5 8. e4 exd4 9. Nxd4 Re8 10. h3 a6 11. Rb1 Rb8 12. Re1 Nc5 13. b4 Ncd7 14.
Bb2 Ne5 15. Qe2 c5 16. bxc5 dxc5 17. Nb3 Be6 18. Red1 Qc8 19. Nd5 Nxd5 20. cxd5 Bxh3 21. Rbc1 Bg4 22. f3 Nxf3+ 23. Bxf3 Bxf3 24. Qxf3 Bxb2 25. Rxc5 Qd7 26. d6 Rbd8 27. Rc7 Qe6 28. Nc5 Qf6 29.
Qxf6 Bxf6 30. Nxb7 Rb8 31. d7 Rxe4 32. Rc8+ 1-0

[Event "*** Titled Tuesday Blitz"]
[Site "Chess.com"]
[Date "2019.10.01"]
[Round "9"]
[White "Grandmaster1369"]
[Black "ChessWarrior7197"]
[Result "1-0"]
[WhiteElo "2710"]
[BlackElo "2892"]
[TimeControl "180+2"]
[EndTime "15:08:43 PDT"]
[Termination "Grandmaster1369 won by resignation"]

1. e4 c5 2. Nf3 d6 3. Bb5+ Bd7 4. Bxd7+ Qxd7 5. O-O Nf6 6. Re1 Nc6 7. c3 e6 8. d4 cxd4 9. cxd4 d5 10. e5 Ne4 11.
Nbd2 Nxd2 12. Bxd2 Bb4 13. Rc1 O-O 14. Rxc6 Qxc6 15.
Bxb4 Rfc8 16. h4 a5 17. Bd2 Qc2 18. Qxc2 Rxc2 19. Rb1 b5 20. Kf1 b4 21. Ke2 f6 22.
Ne1 Rc4 23. Nf3 fxe5 24. dxe5 Re4+ 25. Kd3 Rg4 26. g3 Rf8 27. Bf4 Rgxf4 28. gxf4 Rxf4 29. Nd4 Rxf2 30. Nxe6 Kf7 31. Nd4 Rh2 32. Rf1+ Ke7 33. e6 Rh3+ 34. Kc2 Kd6 35. Re1 Ke7 36. Nf5+ Ke8 37.
e7 Rh2+ 38. Kb3 a4+ 39. Kxa4 1-0

[Event "*** Titled Tuesday Blitz"]
[Site "Chess.com"]
[Date "2019.10.01"]
[Round "9"]
[White "r31415"]
[Black "Abdodi"]
[Result "0-1"]
[WhiteElo "2382"]
[BlackElo "2217"]
[TimeControl "180+2"]
[EndTime "15:08:57 PDT"]
[Termination "Abdodi won by resignation"]

1. e4 e5 2. Nf3 Nc6 3. Bb5 a6 4.
Ba4 Nf6 5. O-O Be7 6. Re1 b5 7. Bb3 O-O 8. a4 b4 9. d3 a5 10. Nbd2 d6 11. Nf1 Bg4 12. h3 Bxf3 13. Qxf3 Nd4 14.
Qg3 Nxb3 15. cxb3 Qd7 16. Ne3 Nh5 17. Qf3 Nf4 18. Nf5 Ne6 19. Be3 g6 20. Nh6+ Kg7 21.
Ng4 f5 22. exf5 Rxf5 23. Qxa8 Bg5 24. Bxg5 Rxg5 25. Qxa5 h5 26. Ne3 Nf4 27. h4 Rxg2+ 28. Nxg2 Qg4 29. Qxc7+ Kh6 30. Qc6 d5 31. Qxd5 Nxd5 32.
Rxe5 Nf4 33. Rg5 Nh3+ 34. Kh2 Nxg5 35. hxg5+ Qxg5 36. a5 Qe5+ 37. Kg1 Qxb2 38. Re1 Qxb3 39.
a6 Qa2 40. Ne3 Qxa6 41. Nc4 b3 42. Re7 b2 43. Ne5 b1=Q+ 44. Kg2 Qbb7+ 45. Rxb7 Qxb7+ 46. f3 Qd5 0-1

[Event "*** Titled Tuesday Blitz"]
[Site "Chess.com"]
[Date "2019.10.01"]
[Round "9"]
[White "DonBroca"]
[Black "HanSchut"]
[Result "0-1"]
[WhiteElo "2079"]
[BlackElo "2217"]
[TimeControl "180+2"]
[EndTime "15:09:00 PDT"]
[Termination "HanSchut won on time"]

1. e4 c5 2. Nf3 d6 3. d4 cxd4 4. Nxd4 Nf6 5. Nc3 a6 6. Bg5 Nbd7 7. f4 Qc7 8. Qf3 b5 9. O-O-O Bb7 10. a3 h6 11. Bh4 g5 12. fxg5 Ne5 13. Qe2 Nfd7 14.
Kb1 Rc8 15. Nd5 Bxd5 16. exd5 Rg8 17. gxh6 Bxh6 18. Nc6 Nxc6 19. dxc6 Ne5 20. Qh5 Qxc6 21. Qe2 Rg4 22. Qe1 Rxh4 0-1

[Event "*** Titled Tuesday Blitz"]
[Site "Chess.com"]
[Date "2019.10.01"]
[Round "9"]
[White "Saitama_Hero"]
[Black "Casablanca"]
[Result "1-0"]
[WhiteElo "2326"]
[BlackElo "2184"]
[TimeControl "180+2"]
[EndTime "15:09:12 PDT"]
[Termination "Saitama_Hero won by resignation"]

1. d4 e6 2. c4 Bb4+ 3. Nc3 c5 4.
a3 Ba5 5. dxc5 Bxc3+ 6. bxc3 Qc7 7. e4 Qxc5 8. Be3 Qc7 9. f4 d6 10. Nf3 Nd7 11. Bd3 Ne7 12. O-O Nc5 13. Bc2 b6 14.
Nd4 Bd7 15. Qf3 f6 16. e5 O-O-O 17. Qa8+ Qb8 18. Qxb8+ Kxb8 19. exd6 Nc8 20. Rab1 Nxd6 21. Rb4 Rc8 22. a4 Ndb7 23. Nb5 Rhd8 24. Rfb1 Na6 25. R4b2 Rxc4 26. Nxa7 Kxa7 27. Rxb6 Nbc5 28. Bd3 Rxa4 29. Bxa6 Rxa6 30. Bxc5 Rxb6 31. Bxb6+ 1-0

[Event "*** Titled Tuesday Blitz"]
[Site "Chess.com"]
[Date "2019.10.01"]
[Round "9"]
[White "Micki-taryan"]
[Black "ExploringChess"]
[Result "1/2-1/2"]
[WhiteElo "2963"]
[BlackElo "2938"]
[TimeControl "180+2"]
[EndTime "15:09:19 PDT"]
[Termination "Game drawn by agreement"]

1. d4 g6 2. Nf3 Bg7 3. Nc3 d5 4. Bf4 c6 5. e3 Nf6 6. Be2 Bf5 7. Ne5 Ne4 8. O-O Nxc3 9. bxc3 Nd7 10. Nxd7 Qxd7 11. c4 dxc4 12. Bxc4 O-O 13. c3 c5 14. Qb3 b6 15. Rfd1 cxd4 16. cxd4 Rac8 17. a4 Be6 18. Bxe6 Qxe6 19. Qxe6 fxe6 20. Rdc1 Rxc1+ 21. Rxc1 Bxd4 22. Rc7 Bf6 23. Rxa7 Rc8 24. g4 Rc4 25. h3 e5 26. Bg3 g5 27. Kg2 Kf7 28.
Ra6 Rb4 29. f3 e4 30. fxe4 Rxe4 31. Kf3 Rb4 32. Bc7 b5 1/2-1/2

[Event "*** Titled Tuesday Blitz"]
[Site "Chess.com"]
[Date "2019.10.01"]
[Round "9"]
[White "TST2014"]
[Black "dolynachess"]
[Result "0-1"]
[WhiteElo "2537"]
[BlackElo "2412"]
[TimeControl "180+2"]
[EndTime "15:09:22 PDT"]
[Termination "dolynachess won by resignation"]

1. d4 Nf6 2. c4 c5 3. d5 b5 4. cxb5 a6 5. bxa6 Bxa6 6. Nc3 d6 7. e4 Bxf1 8. Kxf1 Nbd7 9. g3 g6 10. Kg2 Bg7 11. Nf3 O-O 12. a4 Ra6 13. Qe2 Qa8 14. Ra3 Rb8 15. Nd2 Ne8 16. Nc4 Bxc3 17. Rxc3 Rxa4 18.
h4 Qa6 19. h5 Ne5 20. b3 Ra2 21.
Qe3 Ng4 22. Qg5 Nxf2 23. Qxe7 Nxe4+ 24. Kf3 Nxc3 25. hxg6 hxg6 26. Qh4 Kf8 27. Bh6+ Ng7 28. Qf6 Rf2+ 29. Kxf2 Ne4+ 30. Kf3 Nxf6 31. Ne3 Rxb3 0-1

[Event "*** Titled Tuesday Blitz"]
[Site "Chess.com"]
[Date "2019.10.01"]
[Round "9"]
[White "Korchmar_Vasiliy"]
[Black "Andrei_Belozerov"]
[Result "1-0"]
[WhiteElo "2686"]
[BlackElo "2532"]
[TimeControl "180+2"]
[EndTime "15:09:35 PDT"]
[Termination "Korchmar_Vasiliy won by checkmate"]

1. d4 d5 2. Nf3 Nf6 3. Bf4 c5 4. e3 Nc6 5. Nbd2 e6 6. c3 Bd6 7. Bg3 O-O 8. Bd3 b6 9. Qe2 Bb7 10. Rd1 Re8 11. e4 Be7 12. e5 Nd7 13. a3 f6 14. O-O fxe5 15. Nxe5 Ndxe5 16. dxe5 Bf8 17. f4 Ne7 18. Nf3 Qc7 19. Bxh7+ Kxh7 20. Ng5+ Kg6 21. Qg4 Qc8 22. Qh4 Kf5 23. Qh3+ Kg6 24. Qh7# 1-0

[Event "*** Titled Tuesday Blitz"]
[Site "Chess.com"]
[Date "2019.10.01"]
[Round "9"]
[White "WPWPWP-2015"]
[Black "aa175"]
[Result "1-0"]
[WhiteElo "2474"]
[BlackElo "2301"]
[TimeControl "180+2"]
[EndTime "15:09:46 PDT"]
[Termination "WPWPWP-2015 won by resignation"]

1. e4 d5 2. exd5 Qxd5 3. Nc3 Qd8 4. Nf3 Bg4 5. h3 Bxf3 6. Qxf3 Nc6 7. Bb5 Qd7 8. d4 a6 9. Bxc6 Qxc6 10. Qxc6+ bxc6 11. Bf4 O-O-O 12. O-O-O Nf6 13. Rhe1 e6 14. Bg5 Bb4 15.
Bxf6 gxf6 16. Re3 Rhg8 17. g3 Rg5 18. Ne4 Rf5 19. c3 Bf8 20. Kc2 h5 21. h4 Bh6 22.
Re2 e5 23. dxe5 Rxd1 24. Kxd1 fxe5 25. Nc5 a5 26. Nd3 f6 27. Nc5 Bf8 28. Ne4 Rf3 29. Kc2 f5 30. Nd2 e4 31. Nxf3 exf3 32. Re3 f4 33. gxf4 Be7 34. Rxe7 1-0

[Event "*** Titled Tuesday Blitz"]
[Site "Chess.com"]
[Date "2019.10.01"]
[Round "9"]
[White "Samantha_Ross"]
[Black "ural58"]
[Result "0-1"]
[WhiteElo "2078"]
[BlackElo "2385"]
[TimeControl "180+2"]
[EndTime "15:09:49 PDT"]
[Termination "ural58 won by resignation"]

1. b3 d5 2. Bb2 Bg4 3. Nf3 Bxf3 4. exf3 Nd7 5. Be2 Ngf6 6. O-O g6 7. Re1 Bg7 8. Bf1 O-O 9. d3 c6 10. Nd2 Ne8 11.
Qc1 Qc7 12. Bxg7 Nxg7 13. Qb2 e6 14. g3 a5 15. a4 f6 16. Bh3 Rae8 17. d4 c5 18. c3 b6 19. Nf1 Re7 20. Re2 Rfe8 21. Rae1 Nf8 22. Ne3 Qd6 23. Ng4 Nd7 24. Nh6+ Kh8 25.
Bxe6 Nxe6 26. Rxe6 Rxe6 27. Nf7+ Kg7 28. Nxd6 Rxe1+ 29. Kg2 R8e2 30. Qa3 Rc2 31. b4 Ree2 32. bxc5 Rxf2+ 33. Kg1 Rfd2 34. Qa1 Rg2+ 35. Kh1 Rxh2+ 36.
Kg1 Rcg2+ 37. Kf1 bxc5 38. dxc5 Rh1+ 39. Kxg2 Rxa1 40. c6 Nb6 41. c7 Rxa4 42. c8=Q Nxc8 43. Nxc8 Ra2+ 44. Kh3 a4 45. Nb6 a3 0-1

[Event "*** Titled Tuesday Blitz"]
[Site "Chess.com"]
[Date "2019.10.01"]
[Round "9"]
[White "ecwinslow"]
[Black "NemtsevIgor"]
[Result "0-1"]
[WhiteElo "2105"]
[BlackElo "2303"]
[TimeControl "180+2"]
[EndTime "15:09:58 PDT"]
[Termination "NemtsevIgor won by resignation"]

1. d4 Nf6 2. c4 g6 3. Nc3 Bg7 4. e4 d6 5. Be2 O-O 6. Nf3 e5 7.
d5 Na6 8. Bg5 h6 9. Be3 Ng4 10.
Bd2 f5 11. h3 Nf6 12. exf5 gxf5 13. Qc1 e4 14. Nh2 Kh7 15. g4 Nc5 16. Qc2 Kg8 17.
O-O-O Qe7 18. b4 Nd3+ 19. Bxd3 exd3 20. Qxd3 Ne4 21. Rde1 Qf6 22. Nxe4 fxe4 23. Qxe4 Qb2+ 24. Kd1 Bd7 25. Qc2 Qa3 26. Re3 Qa6 27. Re7 Ba4 0-1

[Event "*** Titled Tuesday Blitz"]
[Site "Chess.com"]
[Date "2019.10.01"]
[Round "9"]
[White "AndrewMcStone"]
[Black "PowerThinking2650"]
[Result "0-1"]
[WhiteElo "2133"]
[BlackElo "2296"]
[TimeControl "180+2"]
[EndTime "15:10:09 PDT"]
[Termination "PowerThinking2650 won by resignation"]

1. f4 e5 2. fxe5 d6 3. exd6 Bxd6 4. Nf3 g5 5. g3 g4 6. Nh4 Ne7 7. d4 Ng6 8. Nxg6 hxg6 9. Qd3 Nc6 10. c3 Qe7 11. Bg2 Bd7 12. e4 O-O-O 13. Nd2 a6 14. Nc4 Rde8 15. Bd2 Bf5 16. Nxd6+ cxd6 17. O-O Bxe4 18. Bxe4 Qxe4 19. Qxe4 Rxe4 20. Rae1 Rxe1 21.
Rxe1 Kd7 22. d5 Ne5 23. Kf2 Rxh2+ 24. Ke3 Nc4+ 0-1

[Event "*** Titled Tuesday Blitz"]
[Site "Chess.com"]
[Date "2019.10.01"]
[Round "9"]
[White "Sjakkerntobi"]
[Black "Gubajdullin"]
[Result "0-1"]
[WhiteElo "2048"]
[BlackElo "2612"]
[TimeControl "180+2"]
[EndTime "15:10:15 PDT"]
[Termination "Gubajdullin won by checkmate"]

1. e4 c6 2. Nf3 d5 3. Nc3 dxe4 4. Nxe4 Nd7 5. Qe2 Ndf6 6. d4 Nxe4 7. Qxe4 Nf6 8. Qd3 g6 9. c3 Bg7 10. Bf4 O-O 11. Qd2 Bg4 12. Ne5 Bf5 13. f3 Nd7 14.
Nxd7 Qxd7 15. g4 Be6 16. h4 Bd5 17. Be2 Rfe8 18. O-O-O Bxa2 19. h5 Bb3 20. Rdg1 Qd5 21. Be3 Qa5 22. Bd3 Qa1+ 23. Bb1 c5 24. hxg6 fxg6 25. Bh6 Bf6 26. Bg5 cxd4 27. Bxf6 exf6 28. Qxd4 Re2 29. c4 Rc2+ 30. Kd1 Qxb1# 0-1

[Event "*** Titled Tuesday Blitz"]
[Site "Chess.com"]
[Date "2019.10.01"]
[Round "9"]
[White "FairChess_on_YouTube"]
[Black "eljanov"]
[Result "1-0"]
[WhiteElo "2980"]
[BlackElo "2803"]
[TimeControl "180+2"]
[EndTime "15:10:22 PDT"]
[Termination "FairChess_on_YouTube won by resignation"]

1. e4 e5 2. Nf3 Nc6 3. Bb5 g6 4. d4 exd4 5. Bg5 Be7 6. Bxe7 Qxe7 7. O-O Nf6 8. e5 Nh5 9. c3 O-O 10. cxd4 d5 11. Nc3 Be6 12. Bxc6 bxc6 13. Qd2 c5 14.
dxc5 Qxc5 15. Rac1 Rab8 16. Qh6 f6 17. Ne4 Qe7 18.
exf6 Nxf6 19. Neg5 Bf5 20. Rfe1 Ne4 21. b3 c5 22. Nxe4 dxe4 23. Ng5 Rfe8 24. Rxc5 Rb7 25. Rc4 Rd7 26. h3 Qf6 27. g4 Rd2 1-0

[Event "*** Titled Tuesday Blitz"]
[Site "Chess.com"]
[Date "2019.10.01"]
[Round "9"]
[White "DonRodrigue"]
[Black "mbojan"]
[Result "1-0"]
[WhiteElo "2720"]
[BlackElo "2569"]
[TimeControl "180+2"]
[EndTime "15:10:22 PDT"]
[Termination "DonRodrigue won by resignation"]

1. d4 g6 2. Nf3 Bg7 3. g3 d6 4.
Bg2 Nf6 5. O-O O-O 6. c4 Nc6 7.
Nc3 Bf5 8. d5 Na5 9. Nd4 Bd7 10.
b3 c5 11. Nc2 a6 12. Qd3 b5 13. Bb2 Rb8 14. Nd1 bxc4 15. bxc4 Ba4 16. e4 Bxc2 17. Qxc2 Rb4 18. Bc3 Rxc4 19. e5 dxe5 20. Nb2 Nxd5 21. Nxc4 Nxc4 22. Rfd1 e6 23. Be1 Ncb6 24. Qxc5 e4 25.
Rab1 Na4 26. Qc2 Qe8 27. Rb3 f5 28. Bf1 Qa8 29. Ra3 Nab6 30. Rxa6 Qb7 31. Qb3 Qc7 32. Ba5 Rb8 33. Rxb6 Nxb6 34. Qxe6+ Kh8 35. Rd6 Qc1 36.
Bxb6 e3 37. Bxe3 1-0

[Event "*** Titled Tuesday Blitz"]
[Site "Chess.com"]
[Date "2019.10.01"]
[Round "9"]
[White "kacprekt"]
[Black "MarcoRiehle"]
[Result "1-0"]
[WhiteElo "2439"]
[BlackElo "2577"]
[TimeControl "180+2"]
[EndTime "15:10:22 PDT"]
[Termination "kacprekt won by resignation"]

1. d4 d5 2. c4 e6 3. Nc3 c5 4. cxd5 cxd4 5. Qa4+ Bd7 6. Qxd4 exd5 7. Qxd5 Nc6 8. Nf3 Nf6 9. Qd1 Bc5 10. e3 Qe7 11.
Be2 O-O-O 12. O-O g5 13. Qc2 g4 14. Nh4 Rhg8 15. a3 Kb8 16. b4 Bb6 17. Bb2 Ne5 18. Na4 Bc7 19. Nc5 Bc6 20. b5 Nf3+ 21. Bxf3 gxf3 22.
bxc6 Rxg2+ 23. Nxg2 Rg8 24. Bxf6 Rxg2+ 25. Kh1 Rxh2+ 26.
Kg1 Rg2+ 27. Kh1 Qd6 28. Na6+ bxa6 29. Qb2+ Bb6 30. Be5 Kc7 31. Bxd6+ Kxd6 32. Qf6+ 1-0

[Event "*** Titled Tuesday Blitz"]
[Site "Chess.com"]
[Date "2019.10.01"]
[Round "9"]
[White "ThePunisherxx"]
[Black "Olga_Ustinova"]
[Result "1/2-1/2"]
[WhiteElo "2636"]
[BlackElo "2383"]
[TimeControl "180+2"]
[EndTime "15:10:25 PDT"]
[Termination "Game drawn by repetition"]

1. c4 d5 2. cxd5 c6 3. dxc6 Nxc6 4. Nc3 e5 5. d3 Bc5 6. Nf3 Nf6 7. e3 O-O 8. Be2 Qc7 9. O-O Rd8 10. Qc2 a6 11. a3 Bf5 12. Ne4 Be7 13. Nxf6+ Bxf6 14. e4 Bg4 15. Be3 Qd6 16. Rac1 Bxf3 17. Bxf3 Qxd3 18.
Qxd3 Rxd3 19. Rfd1 Rad8 20. Rxd3 Rxd3 21. Be2 Rd8 22.
Bc4 h6 23. Bd5 Bg5 24. Bxg5 hxg5 25. f3 Rd6 26. Rc5 Kf8 27. b4 f6 28. b5 Nd4 29.
bxa6 Rxa6 30. Rc8+ Ke7 31. Rc7+ Kf8 32. Rf7+ Ke8 33.
Rxb7 Rxa3 34. Rxg7 Ne2+ 35. Kf2 Nf4 36. g3 Nxd5 37.
exd5 Rd3 38. g4 Rxd5 39. Ke3 Rd4 40. Rh7 Rf4 41. h3 Kf8 42. Ra7 Ke8 43. Rb7 Kf8 44. Ra7 Ke8 45. Rb7 Kf8 46. Rh7 Kg8 47. Ra7 Kf8 48.
Rc7 Kg8 49. Rd7 Kf8 50. Ke2 Kg8 51. Re7 Kf8 52. Ra7 Kg8 53. Ke3 Kf8 54. Rb7 Kg8 55. Re7 Kf8 56. Rh7 Kg8 57. Ra7 1/2-1/2

[Event "*** Titled Tuesday Blitz"]
[Site "Chess.com"]
[Date "2019.10.01"]
[Round "9"]
[White "ShadowJolteon"]
[Black "Frolik67"]
[Result "1-0"]
[WhiteElo "2389"]
[BlackElo "2580"]
[TimeControl "180+2"]
[EndTime "15:10:27 PDT"]
[Termination "ShadowJolteon won by resignation"]

1. d4 d5 2. c4 e6 3. Nf3 f5 4. g3 Nf6 5. Bg2 c6 6. O-O Be7 7. Ne5 O-O 8. Nc3 Nbd7 9. Nxd7 Bxd7 10. cxd5 exd5 11. f3 Re8 12. e4 fxe4 13. fxe4 Bg4 14. Qb3 Kh8 15. exd5 cxd5 16. Bg5 h6 17. Bxf6 Bxf6 18.
Nxd5 Bxd4+ 19. Kh1 Re2 20. Qc4 Rd2 21. Nf4 Rc8 22.
Ng6+ Kh7 23. Qf7 Rxg2 24. Kxg2 Rc2+ 25. Kh1 Bc5 26. Ne5 Bh3 27. Qg6+ Kg8 28. Qxc2 Qd5+ 29. Nf3 Kh8 30. Rad1 Qc6 31. b4 Bxf1 32. Rxf1 Qb5 33.
Rd1 Bb6 34. a3 Qh5 35. Qd3 Qf7 36. Kg2 Qa2+ 37. Rd2 Qe6 38. Re2 Qf7 39. Qe4 Qb3 40. Qg6 1-0

[Event "*** Titled Tuesday Blitz"]
[Site "Chess.com"]
[Date "2019.10.01"]
[Round "9"]
[White "kasparicy"]
[Black "Sajkochess"]
[Result "0-1"]
[WhiteElo "2393"]
[BlackElo "2274"]
[TimeControl "180+2"]
[EndTime "15:10:32 PDT"]
[Termination "Sajkochess won by resignation"]

1. e4 c5 2. Nf3 e6 3. d4 cxd4 4. Nxd4 Nc6 5. f4 d5 6. e5 Bc5 7. Nb3 Bb6 8. Qf3 Nge7 9. Bd3 Nf5 10. Bxf5 exf5 11. Be3 d4 12. Bf2 Be6 13. O-O Bd5 14.
Qg3 Qe7 15. N1d2 O-O-O 16. a3 Rhg8 17. a4 g5 18. a5 gxf4 19. Qh3 Rxg2+ 20. Qxg2 Bxg2 21.
Kxg2 Bc7 22. Nf3 Nxe5 23. Nbxd4 Rg8+ 24. Kh1 Nxf3 25. Nxf3 Qe4 26. Bxa7 Qe2 27. Rf2 Qc4 28. Bb6 Re8 29. b3 Qc6 30. c4 Bxb6 31. axb6 Re3 32. Kg2 Qxb6 33. b4 Qxb4 34. Nd4 Qc5 35. Nb5 Kd7 36. Rxf4 Re2+ 37. Kf1 Qe5 38. Rd1+ Ke7 39.
Rdd4 Re1+ 40. Kg2 Qe2+ 41. Rf2 Qe5 42. Rdf4 Qg7+ 43. Kh3 Re3+ 44. Kh4 Qf6+ 45. Kh5 Rh3+ 0-1

[Event "*** Titled Tuesday Blitz"]
[Site "Chess.com"]
[Date "2019.10.01"]
[Round "9"]
[White "ferdipy"]
[Black "poliplaza"]
[Result "1-0"]
[WhiteElo "2178"]
[BlackElo "2300"]
[TimeControl "180+2"]
[EndTime "15:10:36 PDT"]
[Termination "ferdipy won by checkmate"]

1. e4 c5 2. Nf3 e6 3. c3 Nf6 4. e5 Nd5 5. d4 cxd4 6. cxd4 b6 7. a3 Bb7 8. Bd3 Be7 9. O-O O-O 10.
Bd2 d6 11. Qe2 Nd7 12. Nc3 dxe5 13. dxe5 Nc5 14. Bc2 Nxc3 15. Bxc3 Ba6 16. Qe3 Bxf1 17. Rxf1 Rc8 18. Rd1 Qc7 19. Rd4 Rfd8 20. Rg4 Bf8 21.
h4 Qd7 22. Ng5 h6 23. Nh7 Nd3 24. Nf6+ Kh8 25. Qxh6+ gxh6 26. Rg8# 1-0

[Event "*** Titled Tuesday Blitz"]
[Site "Chess.com"]
[Date "2019.10.01"]
[Round "9"]
[White "sergeikim"]
[Black "Darhild"]
[Result "1-0"]
[WhiteElo "2498"]
[BlackElo "2613"]
[TimeControl "180+2"]
[EndTime "15:10:42 PDT"]
[Termination "sergeikim won by resignation"]

1. d4 Nf6 2. c4 g6 3. Nc3 d5 4.
cxd5 Nxd5 5. e4 Nxc3 6. bxc3 Bg7 7. Bc4 c5 8. Ne2 Nc6 9. Be3 O-O 10. O-O Qc7 11. Rc1 b6 12. Qd2 Bb7 13. Bh6 Rad8 14. Bxg7 Kxg7 15. f4 f5 16. exf5 Rxf5 17. Be6 Rf6 18.
d5 Rxe6 19. f5 Rf6 20. Nf4 Bc8 21. fxg6 hxg6 22. Rce1 Ne5 23. h3 Rdf8 24. Qe3 Nc4 25. Nh5+ gxh5 26. Qg5+ Kh7 27. Qxh5+ Rh6 28. Rf7+ Kg8 29.
Rxf8+ Kxf8 30. Qxh6+ Ke8 31. Qg6+ Kd8 32. Qg8+ Kd7 33.
Qg4+ 1-0